 Dungeon Crawl Stone Soup version 0.20-a0-1122-gb7cbeb9 (webtiles) character file.

116014 M4edhros the Basher (level 16, -6/118 HPs)
             Began as an Octopode Artificer on May 13, 2017.
             Was the Champion of Fedhas.
             Mangled by a merfolk impaler
             ... wielding a +2 trident of venom
              (21 damage)
             ... on level 4 of the Shoals on May 14, 2017.
             The game lasted 01:23:14 (31165 turns).

M4edhros the Basher (Octopode Artificer)           Turns: 31165, Time: 01:23:14

Health: -6/118     AC:  1    Str: 13    XL:     16   Next: 70%
Magic:  23/25      EV: 21    Int: 18    God:    Fedhas [******]
Gold:   1761       SH: 23    Dex: 20    Spells: 20/26 levels left

rFire    . . .     SeeInvis +   M - +1 eveningstar (elec)
rCold    . . .     Gourm    .   x - +5 shield
rNeg     + . .     Faith    .   (helmet restricted)
rPois    .         Spirit   .   f - +5 amulet of reflection
rElec    .         Reflect  +   a - +5 ring of intelligence
rCorr    .         Harm     .   E - ring of positive energy
MR       +....     Clarity  +   W - ring of stealth (curse)
Stlth    ++++++++..             (no ring)
Regen    0.3/turn               (no ring)
MPRegen  0.2/turn               (no ring)
                                (no ring)
                                (no ring)

@: no status effects
A: almost no armour, stealthy swim, amphibious, 8 rings, constrict 8, tentacle
spike 1, camouflage 1, see invisible, agile 1, clarity, sense surroundings 1,
robust 1, gelatinous body 1
a: Fungal Bloom, Evolution, Sunlight, Growth, Reproduction, Rain, Renounce
Religion


You were on level 4 of the Shoals.
You worshipped Fedhas.
Fedhas was exalted by your worship.
You were not hungry.

You visited 5 branches of the dungeon, and saw 28 of its levels.

You collected 2517 gold pieces.
You spent 756 gold pieces at shops.

Inventory:

Hand Weapons
 y - the +5 quick blade of the Globe {pain, Dex+3 Stlth+}
   (You found it on level 6 of the Lair of Beasts)

   In the hands of one skilled in necromantic magic, it inflicts extra damage on
   living creatures.
   It affects your dexterity (+3).
   It makes you more stealthy.
 M - a +1 eveningstar of electrocution (weapon)
Armour
 x - a +5 shield (worn)
Jewellery
 a - a +5 ring of intelligence (left tentacle)
 f - a +5 amulet of reflection (around mantle)
 w - an uncursed amulet of guardian spirit
 E - a ring of positive energy (right tentacle)
 W - a cursed ring of stealth (on tentacle)
Wands
 c - a wand of enslavement (0/24)
 u - a wand of acid (0/15)
 B - a wand of confusion (6/48)
 D - a wand of iceblast (0/15)
 F - a wand of flame (0/48)
 Q - a wand of paralysis (14/24)
 R - a wand of enslavement (8/24)
 T - a wand of lightning (0/15)
Scrolls
 d - 2 scrolls of magic mapping
 e - 4 scrolls of teleportation
 h - a scroll of identify
 j - 2 scrolls of immolation
 k - 4 scrolls of fog
 m - 4 scrolls of recharging
 t - 7 scrolls of fear
 v - a scroll of enchant weapon
 A - 2 scrolls of enchant armour
 C - a scroll of summoning
 J - 2 scrolls of blinking
 P - 4 scrolls of vulnerability
 V - a scroll of torment
Potions
 b - 2 potions of ambrosia
 g - a potion of mutation
 l - a potion of resistance
 o - 2 potions of agility
 q - 6 potions of haste
 r - a potion of brilliance
 z - 2 potions of curing
 I - a potion of might
 K - a potion of flight
 L - a potion of berserk rage
Books
 p - a book of Conjurations

   Spells                             Type                      Level
   a - Magic Dart                     Conjuration                  1
   b - Searing Ray                    Conjuration                  2
   c - Dazzling Spray                 Conjuration/Hexes            3
   d - Fulminant Prism                Conjuration/Hexes            4
   e - Force Lance                    Conjuration/Translocation    4
   f - Iskenderun's Mystic Blast      Conjuration                  4
 H - a book of Debilitation

   Spells                             Type                      Level
   a - Corona                         Hexes                        1
   b - Slow                           Hexes                        2
   c - Inner Flame                    Hexes/Fire                   3
   d - Portal Projectile              Hexes/Translocation          3
   e - Cause Fear                     Hexes                        4
   f - Leda's Liquefaction            Hexes/Earth                  4
 N - a book of Transfigurations

   Spells                             Type                      Level
   a - Irradiate                      Conjuration/Transmutation    5
   b - Statue Form                    Transmutation/Earth          6
   c - Hydra Form                     Transmutation                6
   d - Dragon Form                    Transmutation                7
 O - a book of Geomancy

   Spells                             Type                      Level
   a - Sandblast                      Earth                        1
   b - Passwall                       Transmutation/Earth          2
   c - Stone Arrow                    Conjuration/Earth            3
   d - Petrify                        Transmutation/Earth          4
   e - Lee's Rapid Deconstruction     Earth                        5
 U - a book of Fire

   Spells                             Type                      Level
   a - Ignite Poison                  Fire/Transmutation/Poison    3
   b - Fireball                       Conjuration/Fire             5
   c - Bolt of Fire                   Conjuration/Fire             6
   d - Ring of Flames                 Charms/Fire                  7
   e - Ignition                       Fire                         8
Miscellaneous
 s - a sack of spiders
 S - a phantom mirror
Comestibles
 i - 9 meat rations
 G - 11 fruits


   Skills:
 - Level 9.7 Fighting
 - Level 1.0 Short Blades
 - Level 13.1 Maces & Flails
   Level 5.0 Polearms
 - Level 10.3 Dodging
 - Level 11.2 Stealth
 - Level 12.1 Shields
 * Level 5.8 Spellcasting
 * Level 6.2 Transmutations
 * Level 6.4 Earth Magic
 - Level 12.0 Invocations
 - Level 8.4 Evocations


You had 20 spell levels left.
You knew the following spells:

 Your Spells              Type           Power        Failure   Level  Hunger
a - Statue Form           Tmut/Erth      ####.....    88%         6    #######


Dungeon Overview and Level Annotations

Branches:
Dungeon (15/15)            Temple (1/1) D:4            Lair (6/6) D:10
 Shoals (4/4) Lair:3        Snake (0/4) Lair:2        Slime (0/5) Lair:5
    Orc (2/2) D:12            Elf (0/3) Orc:2        Vaults (0/5) D:13
 Depths (0/5) D:15

Altars:
Ashenzari
Cheibriados
Dithmenos
Elyvilon
Fedhas
Gozag
Hepliaklqana
Kikubaaqudgha
Nemelex Xobeh
Okawaru
Qazlal
Ru
Sif Muna
Trog
Uskayaw
Vehumet
Xom
Yredelemnul
Zin
The Shining One
Beogh
Jiyva

Shops:
D:8 *   D:9 %   D:10 ?   D:11 ?   D:13 %   Orc:2 (:*?

Portals:
Pandemonium: Orc:2
Trove: D:10 (give +6 demon whip)

Annotations:
Shoals:2 Naow's ghost, journeyman DEFE


Innate Abilities, Weirdness & Mutations

You cannot wear most types of armour.
You are very stealthy in the water. (Stealth+)
You are amphibious.
You can wear up to eight rings at the same time.
You can use your tentacles to constrict eight enemies at once.
Your skin changes colour to match your surroundings (Stealth+).
Your rubbery body absorbs attacks. (AC +1, EV +1)
One of your tentacles bears a spike.
You have supernaturally acute eyesight. (SInv)
You are agile. (Dex +2)
You possess an exceptional clarity of mind.
You passively map a small area around you.
You are robust. (+10% HP)


Message History

You are lethally poisoned!
The merfolk closely misses you.
The merfolk hits you from afar with a trident!
* * * LOW HITPOINT WARNING * * *
A merfolk javelineer comes into view. It is wielding a spear.
You feel better.
Some water evaporates in the bright sunlight.
The merfolk impaler completely misses you.
The merfolk hits you from afar with a trident.
* * * LOW HITPOINT WARNING * * *
Your oklob plant spits acid at the merfolk.
Fedhas protects your plant from harm.
The splash of acid hits the merfolk.
The merfolk is splashed with acid.
The acid corrodes the merfolk!
The merfolk dies!
You hear a splash. x2
You block the merfolk's attack.
The merfolk impaler hits you from afar with a trident of venom!!
You die...
Fedhas appreciates your contribution to the ecosystem.

≈≈≈≈≈≈≈≈≈≈≈≈≈≈≈≈≈≈≈≈≈≈≈≈≈≈≈≈≈≈≈≈≈
≈≈≈≈≈≈≈≈≈≈.≈≈≈≈≈≈≈≈≈≈≈≈≈≈≈≈≈≈≈≈≈≈
≈≈≈≈≈≈≈≈≈≈....≈≈≈≈≈≈≈≈≈≈≈≈≈≈≈≈≈≈≈
≈≈≈≈≈≈≈≈≈≈P.P#.≈≈≈≈≈≈≈≈≈≈≈≈≈≈≈≈≈≈
≈≈≈≈≈≈≈≈.≈.###PP≈≈≈≈≈≈≈≈≈≈≈≈≈≈≈≈≈
≈≈≈≈≈≈≈≈PP≈≈##P#)≈≈≈≈m≈)≈≈≈≈≈≈≈≈≈
≈≈≈≈≈≈P≈≈≈≈≈≈(P#P≈≈≈≈P#P#≈≈≈≈≈≈≈≈
≈≈≈≈≈≈P≈..≈≈≈≈PPP≈m≈)≈≈## ≈≈≈≈≈≈
≈≈≈≈≈≈.≈..≈[≈≈≈.@fmP≈P≈≈PPP≈ ≈ ≈
≈≈≈≈≈≈PPP≈≈≈≈(≈≈P≈#m≈≈≈≈≈≈P≈
≈≈≈≈≈≈P#P≈≈≈≈≈m≈≈)##≈≈≈≈≈≈≈≈# ,
≈≈≈≈≈≈≈#P##≈)PP)≈≈≈#≈≈≈:≈≈≈#≈
≈≈≈≈≈≈≈PP###≈≈≈?≈≈#≈≈≈m≈≈≈≈#
≈≈≈≈≈≈≈≈≈#P≈P≈≈≈≈≈#≈P≈≈≈≈≈≈P ,
≈≈≈≈≈≈≈≈≈≈≈≈≈≈≈≈≈≈≈.PPP≈≈P ,
≈≈≈≈≈≈≈≈.≈≈≈≈≈≈≈≈≈≈≈≈≈## ,
≈[≈(≈≈≈≈≈≈≈≈≈≈≈≈≈≈≈(≈≈#


You could see 2 merfolk impalers, a merfolk javelineer, 2 merfolk, a friendly
oklob plant and a friendly wandering mushroom.

Vanquished Creatures
  An orc warlord (Orc:1)
  2 dire elephants (Lair:6)
  The ghost of endorz the Fighter, a journeyman GrFi of Cheibriados (Lair:2)
  A merfolk javelineer (Shoals:4)
  3 merfolk impalers
  3 hydras
  A vault guard (D:10)
  A merfolk avatar (Shoals:1)
  5 centaur warriors
  An anaconda (Lair:6)
  A satyr (Shoals:3)
  Erica (D:8)
  3 merfolk aquamancers
  4 two-headed ogres
  A death knight (D:14)
  6 death yaks
  4 orc high priests (Orc:2)
  2 soul eaters (Orc:2)
  Nergalle (D:10)
  A gelid demonspawn (Orc:2)
  7 skeletal warriors
  3 unseen horrors
  2 infernal demonspawn (Orc:2)
  3 wizards
  3 sea snakes
  A torturous demonspawn (Orc:2)
  A necromancer (D:15)
  4 orc knights
  A deep elf mage (D:15)
  9 orc sorcerers
  11 fauns
  5 ugly things
  4 cyclopes
  A wandering mushroom (Shoals:4)
  2 manticores
  3 water nymphs
  3 black mambas
  14 elephants
  9 merfolk sirens
  Psyche (D:10)
  10 spiny frogs
  A gargoyle (D:14)
  6 komodo dragons
  An efreet (D:13)
  4 rime drakes
  3 trolls
  2 tengu conjurers (D:15)
  3 meliai (D:14)
  12 merfolk
  6 wind drakes
  4 dream sheep (Shoals:1)
  Prince Ribbit (D:9)
  A snapping turtle (Shoals:1)
  8 blink frogs
  3 slime creatures (D:12)
  6 hippogriffs
  A centaur simulacrum (D:15)
  3 wraiths
  27 yaks
  2 water elementals (Shoals:1)
  A wyvern (Lair:4)
  3 basilisks
  A vampire (D:13)
  A hungry ghost (D:10)
  A neqoxec (Orc:2)
  4 vampire mosquitoes (D:15)
  2 wargs (Orc:2)
  An acid dragon (D:12)
  2 soldier ants
  20 water moccasins
  10 porcupines
  38 orc warriors
  2 sky beasts
  A phantom (D:4)
  3 boggarts (D:15)
  An ice beast (D:8)
  12 ogres
  21 centaurs
  2 wolves (Lair:3)
  11 crocodiles
  3 big kobolds
  16 bullfrogs
  2 gnoll sergeants
  A wyvern skeleton (D:15)
  A scorpion (D:9)
  6 killer bees
  9 wights
  5 electric eels
  2 howler monkeys (D:8)
  4 jellies
  6 crimson imps
  A quasit (D:12)
  9 hounds
  11 centaur skeletons
  A bullfrog skeleton (D:11)
  26 orc priests
  3 iguanas
  19 orc wizards
  11 worker ants
  3 hell rats (D:10)
  A hound skeleton (D:10)
  11 gnolls
  22 adders
  A howler monkey skeleton (D:8)
  A river rat (D:10)
  2 shadow imps
  8 oozes
  2 worms
  An adder skeleton (D:4)
  2 dart slugs (D:3)
  4 leopard geckos
  86 orcs
  3 ball pythons
  12 bats
  8 giant cockroaches
  9 goblins
  4 hobgoblins
  6 jackals
  2 quokkas
  6 frilled lizards
  3 jackal skeletons
  24 kobolds
  A leopard gecko skeleton (D:7)
  2 quokka skeletons (D:5)
  4 rats
  A ballistomycete (Orc:2)
  A plant (Shoals:4)
  2 toadstools
739 creatures vanquished.

Vanquished Creatures (collateral kills)
  Ilsuiw (Shoals:4)
  2 merfolk impalers
  Erolcha (D:11)
  A hydra (Lair:4)
  3 two-headed ogres
  A satyr (Shoals:4)
  A merfolk aquamancer (Shoals:4)
  2 death yaks (Lair:3)
  Urug (D:10)
  A sea snake (Shoals:4)
  2 orc knights (Orc:2)
  An ugly thing (D:15)
  A cyclops (D:11)
  2 fauns (Shoals:4)
  3 elephants
  A gargoyle (D:6)
  2 komodo dragons
  3 merfolk (Shoals:4)
  A blink frog (Lair:1)
  2 trolls
  A slime creature (D:12)
  4 hippogriffs
  A wandering mushroom (D:10)
  A shadow (D:15)
  2 water elementals (Shoals:4)
  A wyvern (D:11)
  A basilisk (Lair:1)
  19 yaks
  2 hungry ghosts
  A soldier ant (D:13)
  2 water moccasins
  3 sky beasts
  An orc warrior (Orc:2)
  A wolf (Lair:3)
  4 ogres
  3 bullfrogs
  A scorpion (D:6)
  3 wights (D:6)
  A howler monkey (D:8)
  3 centaur skeletons
  A hound (D:13)
  A jelly (D:10)
  An orc priest (Orc:2)
  3 orc wizards
  A gnoll shaman (D:5)
  2 iguanas
  A hound skeleton (D:5)
  3 gnolls
  3 adders (Lair:2)
  A shadow imp (D:10)
  A dart slug (D:2)
  A leopard gecko (D:9)
  18 orcs
  A giant cockroach (D:6)
  A jackal (D:9)
  A ball python (D:4)
  3 ballistomycete spores
130 creatures vanquished.

Vanquished Creatures (others)
  An oklob plant (Shoals:4)
  A merfolk javelineer (Shoals:3)
  A harpy (Shoals:4)
  2 fauns
  A redback zombie (D:15)
  A meliai zombie (D:15)
  A porcupine (Lair:5)
  A water moccasin (Lair:5)
  An orc warrior (D:6)
  A hornet zombie (D:14)
  A centaur (D:11)
  A wight (D:12)
  A jelly (D:2)
  A worker ant zombie (D:9)
  A gnoll (D:4)
  24 wandering mushrooms
  4 ballistomycetes (Orc:2)
  3 ballistomycete spores (Orc:2)
  A bush (Lair:6)
  17 fungi
  A hyperactive ballistomycete (Orc:2)
  85 plants
  8 tentacles (Shoals:1)
  848 toadstools
1007 creatures vanquished.

Grand Total: 1876 creatures vanquished

Notes
Turn   | Place    | Note
-------+----------+-------------------------------------------
     0 | D:1      | M4edhros the Octopode Artificer began the quest for the Orb.
     0 | D:1      | Reached XP level 1. HP: 13/13 MP: 3/3
    55 | D:1      | Reached XP level 2. HP: 8/18 MP: 4/4
   431 | D:3      | Reached XP level 3. HP: 20/23 MP: 5/5
   686 | D:4      | Reached skill level 5 in Stealth
   686 | D:4      | Reached XP level 4. HP: 21/28 MP: 6/6
   972 | D:4      | Found a staircase to the Ecumenical Temple.
   981 | Temple   | Entered the Ecumenical Temple
  1106 | Temple   | Became a worshipper of Fedhas Madash
  1493 | D:2      | Reached XP level 5. HP: 33/33 MP: 7/7
  1545 | D:2      | Reached * piety under Fedhas
  1953 | D:2      | Reached XP level 6. HP: 17/38 MP: 5/8
  2911 | D:1      | Reached ** piety under Fedhas
  3071 | D:3      | Found a sparkling altar of Nemelex Xobeh.
  3205 | D:3      | Found a faded altar of an unknown god.
  3545 | D:4      | Reached skill level 10 in Stealth
  3545 | D:4      | Reached XP level 7. HP: 38/43 MP: 9/9
  3912 | D:4      | Reached skill level 1 in Invocations
  4000 | D:5      | Entered Level 5 of the Dungeon
  4761 | D:5      | Reached *** piety under Fedhas
  5606 | D:6      | Reached XP level 8. HP: 45/50 MP: 10/10
  6400 | D:6      | Reached skill level 5 in Invocations
  6685 | D:6      | Reached XP level 9. HP: 29/57 MP: 10/13
  6729 | D:6      | Reached skill level 5 in Evocations
  6734 | D:6      | Gained mutation: You have a pair of small antennae on your head. [mutagenic meat]
  6778 | D:6      | Noticed a gargoyle
  6790 | D:6      | Killed a gargoyle
  7157 | D:7      | Found a sparkling altar of Nemelex Xobeh.
  8012 | D:8      | Reached **** piety under Fedhas
  8130 | D:8      | Noticed Erica
  8133 | D:8      | Killed Erica
  8133 | D:8      | Reached skill level 5 in Fighting
  8133 | D:8      | Reached skill level 5 in Dodging
  8260 | D:8      | Reached XP level 10. HP: 62/66 MP: 15/15
  8443 | D:8      | Found Tirof's General Store.
  8451 | D:8      | Bought a potion of mutation for 120 gold pieces
  8451 | D:8      | Lost mutation: You have a pair of small antennae on your head. [potion of mutation]
  8451 | D:8      | Gained mutation: You expend magic power (3 MP) to strengthen your wands. [potion of mutation]
  8451 | D:8      | Gained mutation: You can translocate small distances at will. [potion of mutation]
  8451 | D:8      | Gained mutation: You have a pair of small antennae on your head. [potion of mutation]
  8452 | D:8      | Lost mutation: You have a pair of small antennae on your head. [potion of mutation]
  8452 | D:8      | Gained mutation: You are clumsy. (Dex -2) [potion of mutation]
  8452 | D:8      | Gained mutation: Your magical capacity is low. (-10% MP) [potion of mutation]
  8452 | D:8      | Gained mutation: You evolve. [potion of mutation]
  8715 | D:8      | Found a shattered altar of Ashenzari.
  8818 | D:8      | Found a hazy altar of Hepliaklqana.
  8839 | D:8      | Found an opulent altar of Gozag.
  8841 | D:8      | Found a shimmering altar of Xom.
  8841 | D:8      | Found a shimmering altar of Xom.
  8843 | D:8      | Found a stormy altar of Qazlal.
  8843 | D:8      | Found an opulent altar of Gozag.
  8843 | D:8      | Found a stormy altar of Qazlal.
  9249 | D:9      | Found Kimeut's Food Emporium.
  9259 | D:9      | Bought a fruit for 15 gold pieces
  9276 | D:9      | Noticed Prince Ribbit
  9285 | D:9      | Killed Prince Ribbit
  9392 | D:9      | Reached ***** piety under Fedhas
  9397 | D:9      | Noticed a two-headed ogre
  9415 | D:9      | Killed a two-headed ogre
 10095 | D:10     | Entered Level 10 of the Dungeon
 10115 | D:10     | Noticed a death yak
 10116 | D:10     | Noticed a death yak
 10124 | D:10     | Noticed a death yak
 10141 | D:10     | Killed a death yak
 10150 | D:10     | Killed a death yak
 10150 | D:10     | Reached skill level 10 in Invocations
 10150 | D:10     | Reached XP level 11. HP: 38/74 MP: 4/16
 10152 | D:10     | Killed a death yak
 10172 | D:10     | Found a staircase to the Lair.
 10299 | D:10     | Found Epuer's Magic Scroll Boutique.
 10325 | D:10     | Noticed an unseen horror
 10326 | D:10     | Killed an unseen horror
 10565 | D:10     | Noticed Psyche
 10574 | D:10     | Killed Psyche
 10659 | D:10     | Noticed Urug
 10680 | D:10     | Killed Urug
 10680 | D:10     | Reached skill level 5 in Polearms
 10685 | D:10     | Lost mutation: Your magical capacity is low. (-10% MP) [potion of mutation]
 10685 | D:10     | Lost mutation: You evolve. [potion of mutation]
 10685 | D:10     | Gained mutation: You possess an exceptional clarity of mind. [potion of mutation]
 10685 | D:10     | Gained mutation: You are partially covered in molten scales. (AC +2) [potion of mutation]
 10824 | D:10     | Noticed Nergalle
 10955 | D:10     | Killed Nergalle
 10955 | D:10     | Reached skill level 1 in Maces & Flails
 10974 | D:10     | Noticed a skeletal warrior
 10976 | D:10     | Noticed a skeletal warrior
 10980 | D:10     | Noticed a skeletal warrior
 10983 | D:10     | Noticed a skeletal warrior
 10991 | D:10     | Killed a skeletal warrior
 10991 | D:10     | Reached skill level 2 in Maces & Flails
 11039 | D:10     | Killed a skeletal warrior
 11041 | D:10     | Killed a skeletal warrior
 11041 | D:10     | Reached skill level 3 in Maces & Flails
 11229 | D:10     | Gained mutation: One of your tentacles bears a spike. [mutagenic meat]
 11230 | D:10     | Gained mutation: You evolve. [mutagenic meat]
 11267 | D:10     | Noticed a vault guard
 11433 | D:10     | Killed a vault guard
 11442 | D:10     | Found a portal to a secret trove of treasure.
 11564 | D:11     | Reached skill level 4 in Maces & Flails
 11640 | D:11     | Noticed Erolcha
 11641 | D:11     | Found Irea's Magic Scroll Boutique.
 11652 | D:11     | Killed Erolcha
 11652 | D:11     | Reached XP level 12. HP: 29/82 MP: 3/20
 11788 | D:11     | Bought a scroll of enchant armour for 105 gold pieces
 11862 | D:11     | Noticed a two-headed ogre
 11870 | D:11     | Killed a two-headed ogre
 11878 | D:11     | Reached skill level 1 in Shields
 11973 | D:11     | Reached skill level 5 in Maces & Flails
 13153 | D:12     | Found a staircase to the Orcish Mines.
 13535 | D:11     | Reached skill level 6 in Maces & Flails
 13595 | Lair:1   | Entered Level 1 of the Lair of Beasts
 14726 | Lair:2   | Noticed endorz's ghost (journeyman GrFi)
 14740 | Lair:2   | Killed endorz's ghost
 14920 | Lair:2   | Found a staircase to the Snake Pit.
 14941 | Lair:2   | Reached skill level 5 in Shields
 14975 | Lair:2   | Reached skill level 7 in Maces & Flails
 15469 | Lair:2   | Reached XP level 13. HP: 71/89 MP: 22/22
 16197 | Lair:2   | Reached skill level 8 in Maces & Flails
 16866 | Lair:3   | Found a staircase to the Shoals.
 17247 | Lair:3   | Reached skill level 9 in Maces & Flails
 18646 | Lair:4   | Reached skill level 10 in Maces & Flails
 19367 | Lair:5   | Found a viscous altar of Jiyva.
 19367 | Lair:5   | Found a staircase to the Slime Pits.
 19710 | Lair:6   | Entered Level 6 of the Lair of Beasts
 19812 | Lair:6   | Reached XP level 14. HP: 95/95 MP: 13/23
 20418 | Lair:6   | Reached skill level 11 in Maces & Flails
 20570 | Lair:6   | Noticed a dire elephant
 20591 | Lair:6   | Reached skill level 10 in Shields
 20953 | Lair:6   | Noticed a dire elephant
 20953 | Lair:6   | Noticed a dire elephant
 20984 | Lair:6   | Killed a dire elephant
 20991 | Lair:6   | Killed a dire elephant
 21025 | Lair:6   | Got an ancient quick blade
 21026 | Lair:6   | Identified the +5 quick blade of the Globe {pain, Dex+3 Stlth+} (You found it on level 6 of the Lair of Beasts)
 21027 | Lair:6   | Woah, 5quickblade of pain, lol
 21389 | Orc:1    | Entered Level 1 of the Orcish Mines
 21525 | Orc:1    | Lost mutation: You evolve. [end of evolution]
 21622 | Orc:2    | Entered Level 2 of the Orcish Mines
 21917 | Orc:2    | Found a staircase to the Elven Halls.
 21986 | Orc:2    | Reached ****** piety under Fedhas
 22179 | Orc:2    | Found Zamol's General Store.
 22400 | Orc:2    | Found Koaroih's Magic Scroll Emporium.
 22451 | Orc:2    | Bought 4 fruits for 72 gold pieces
 22455 | Orc:2    | Bought a scroll of enchant armour for 90 gold pieces
 22794 | Orc:2    | Reached skill level 12 in Maces & Flails
 22992 | Orc:2    | Found Gujer's Book Boutique.
 22992 | Orc:2    | Found a one-way gate leading to the halls of Pandemonium.
 22992 | Orc:2    | Found Cesygub's Antique Weapon Shop.
 23225 | Orc:2    | Reached XP level 15. HP: 87/101 MP: 21/24
 23517 | Orc:2    | Bought a scroll of teleportation for 39 gold pieces
 23517 | Orc:2    | Bought a scroll of recharging for 123 gold pieces
 23517 | Orc:2    | Bought a scroll of teleportation for 39 gold pieces
 23519 | Orc:2    | Bought a scroll of fear for 42 gold pieces
 23519 | Orc:2    | Bought a scroll of teleportation for 36 gold pieces
 23519 | Orc:2    | Bought a scroll of fear for 42 gold pieces
 23701 | Orc:1    | Found a roughly hewn altar of Beogh.
 23702 | Orc:1    | Noticed an orc warlord
 23710 | Orc:1    | Killed an orc warlord
 24660 | D:13     | Found Detax's Food Boutique.
 24665 | D:13     | Bought 2 fruits for 33 gold pieces
 25162 | D:13     | Found a gate to the Vaults.
 25264 | D:13     | Gained mutation: Scrolls take you a little longer to read. [mutagenic meat]
 25270 | D:13     | Lost mutation: One of your tentacles bears a spike. [potion of mutation]
 25270 | D:13     | Lost mutation: You expend magic power (3 MP) to strengthen your wands. [potion of mutation]
 25270 | D:13     | Lost mutation: You are clumsy. (Dex -2) [potion of mutation]
 25270 | D:13     | Lost mutation: You are partially covered in molten scales. (AC +2) [potion of mutation]
 25270 | D:13     | Lost mutation: You can translocate small distances at will. [potion of mutation]
 25270 | D:13     | Gained mutation: Your spells are a little easier to cast, but a little less powerful. [potion of mutation]
 25270 | D:13     | Gained mutation: You are partially covered in thin metallic scales. (AC +2) [potion of mutation]
 25270 | D:13     | Gained mutation: Your muscles are strong. (Str +2) [potion of mutation]
 25271 | D:13     | Lost mutation: Your muscles are strong. (Str +2) [potion of mutation]
 25271 | D:13     | Lost mutation: You possess an exceptional clarity of mind. [potion of mutation]
 25271 | D:13     | Lost mutation: You are partially covered in thin metallic scales. (AC +2) [potion of mutation]
 25271 | D:13     | Lost mutation: Scrolls take you a little longer to read. [potion of mutation]
 25271 | D:13     | Gained mutation: You possess an exceptional clarity of mind. [potion of mutation]
 25271 | D:13     | Gained mutation: One of your tentacles bears a spike. [potion of mutation]
 25670 | D:14     | Learned a level 6 spell: Statue Form
 25837 | D:14     | Reached skill level 1 in Spellcasting
 25913 | D:14     | Reached skill level 10 in Dodging
 26173 | D:14     | Reached skill level 1 in Earth Magic
 26183 | D:14     | Reached skill level 1 in Transmutations
 26490 | D:15     | Entered Level 15 of the Dungeon
 26602 | D:15     | Found a staircase to the Depths.
 26757 | D:15     | Reached skill level 13 in Maces & Flails
 26765 | D:15     | Gained mutation: You have supernaturally acute eyesight. (SInv) [mutagenic meat]
 26766 | D:15     | Gained mutation: You passively map a small area around you. [mutagenic meat]
 26767 | D:15     | Lost mutation: Your spells are a little easier to cast, but a little less powerful. [mutagenic meat]
 26772 | D:15     | Gained mutation: You are robust. (+10% HP) [mutagenic meat]
 26773 | D:15     | Gained mutation: You are agile. (Dex +2) [mutagenic meat]
 26970 | D:15     | Found a shadowy altar of Dithmenos.
 28016 | Shoals:1 | Entered Level 1 of the Shoals
 28065 | Shoals:1 | Noticed a kraken
 28104 | Shoals:1 | Reached XP level 16. HP: 118/118 MP: 25/25
 28444 | Shoals:1 | Noticed a kraken
 28934 | Shoals:2 | Noticed Naow's ghost (journeyman DEFE)
 29450 | Shoals:4 | Entered Level 4 of the Shoals
 29739 | Shoals:3 | Reached skill level 5 in Transmutations
 29739 | Shoals:3 | Reached skill level 5 in Earth Magic
 30418 | Shoals:4 | Reached skill level 5 in Spellcasting
 30723 | Shoals:4 | Noticed Ilsuiw
 31164 | Shoals:4 | Killed Ilsuiw
 31165 | Shoals:4 | Mangled by a merfolk impaler

Vault maps used:
D:1:      doesnt_arrival_eight_statues, minmay_octomino_c4
D:2:      cheibrodos_fertilizer, minivault_24, kennysheep_generic_room_7
D:3:      kb_forest_paths, chequers_ecumenical_altar_island,
          nemelex_spade_bored_becter
D:4:      nicolae_overflow_hidden_temple, minmay_temple_entry_statues_fountains,
          first_bread
D:5:      kennysheep_another_room
D:6:      minmay_cornered_nines
D:7:      lemuel_crystal_altar, serial_glass, glass_columns_b, glass_columns_c
D:8:      lemuel_crystal_altar, doesnt_xom_only_xom, kennysheep_mini,
          serial_shops, shop, uniq_erica
D:9:      serial_shops, shop, hangedman_fish_farm, uniq_prince_ribbit1
D:10:     dpeg_lair_monsters, serial_shops, nicolae_shop_stone, enter_trove_5,
          uniq_nergalle, uniq_psyche, uniq_urug
D:11:     serial_shops, shop, kennysheep_generic_room_2, uniq_erolcha
D:12:     kennysheep_orc_monster_closet_entryway
D:13:     david_vaults_1, serial_shops, kennysheep_little_box
D:14:     minmay_misc_feat_roman, serial_bayou_lagoon_a
D:15:     grunt_enter_depths_magical_seal, grunt_dithmenos_smoke_and_mirrors
Temple:   nicolae_temple_elliptical
Lair:2:   minmay_snake_entry_six_corridors
Lair:3:   minmay_shoals_entry_beasts, beast_lair_carwin_6
Lair:4:   beast_lair_carwin_1, serial_bayou_shore_a
Lair:5:   dpeg_slime_entry_enclosed_altar, minmay_holes
Lair:6:   due_jungle_book, minmay_lair_drake_nest
Shoals:2: uniq_polyphemus, uniq_louise
Shoals:4: shoals_end_grunt_garden, shoals_ilsuiw_ice
Orc:1:    basic_altar, statue_in_the_mist_lemuel
Orc:2:    pf_orc_diabolical

Skill      XL: |  1  2  3  4  5  6  7  8  9 10 11 12 13 14 15 16 |
---------------+-------------------------------------------------+-----
Stealth        | 3 4 5 6 8 10 11 | 11.2
Invocations    | 3 5 7 10 11 12 | 12.0
Fighting       | 2 3 5 6 7 8 9 |  9.7
Dodging        | 3 4 5 6 8 9 10 | 10.3
Evocations     | 4 5 7 8 |  8.4
Polearms       | 2 4 5 |  5.0
Maces & Flails | 4 7 10 12 13 | 13.1
Shields        | 5 9 11 12 | 12.1
Spellcasting   | 2 5 |  5.8
Earth Magic    | 3 6 |  6.4
Transmutations | 2 6 |  6.2
Short Blades   | |  1.0

Action                   |  1- 3 |  4- 6 |  7- 9 | 10-12 | 13-15 | 16-18 || total
-------------------------+-------+-------+-------+-------+-------+-------++-------
Melee: Short sword       |    48 |   169 |   115 |       |       |       ||   332
       Constrict         |    13 |    25 |    48 |    64 |   137 |    49 ||   336
       Tentacles         |     3 |    33 |    51 |    92 |   217 |    59 ||   455
       Spear             |       |       |    18 |    96 |       |       ||   114
       Trident           |       |       |   121 |   171 |       |       ||   292
       Dagger            |       |       |       |    35 |       |       ||    35
       Kick              |       |       |       |    75 |   336 |    98 ||   509
       Eveningstar       |       |       |       |   167 |  1007 |   223 ||  1397
Invok: Fungal Bloom      |       |    30 |    37 |    55 |   117 |    27 ||   266
       Evolution         |       |     1 |     4 |     6 |    15 |     9 ||    35
       Sunlight          |       |       |     6 |    10 |     7 |     1 ||    24
       Rain              |       |       |       |     2 |       |       ||     2
       Reproduction      |       |       |       |       |     4 |       ||     4
Evoke: Wand              |     2 |    15 |    39 |    43 |    60 |    18 ||   177
       Sack of spiders   |       |       |       |       |     6 |       ||     6
  Use: Potion            |       |     1 |     1 |    12 |     6 |     7 ||    27
       Scroll            |       |     5 |     4 |    19 |    19 |     3 ||    50
 Stab: Sleeping          |    10 |    24 |    14 |    28 |    39 |     7 ||   122
       Confused          |       |       |     3 |    12 |     6 |     4 ||    25
       Distracted        |       |       |     2 |     2 |     2 |     2 ||     8
       Paralysed         |       |       |     1 |     1 |     1 |       ||     3
       Invisible         |       |       |       |     6 |       |       ||     6
  Eat: Chunk             |       |     1 |     2 |    13 |    15 |       ||    31
       Bread ration      |       |     1 |     3 |     4 |     8 |       ||    16
       Royal jelly       |       |     1 |       |     3 |     3 |       ||     7
       Meat ration       |       |       |       |       |       |     1 ||     1
Armor: Skin              |     4 |     7 |    26 |    43 |    24 |     3 ||   107
Dodge: Dodged            |    36 |    97 |   159 |   264 |   435 |    78 ||  1069
Block: Shield            |       |       |       |   126 |   704 |   198 ||  1028
       Reflection        |       |       |       |       |    19 |    23 ||    42
